 Dungeon Crawl Stone Soup version 0.27.1-33-g824d729ab1 (console) character file.

Game seed: 8037267882834602277

151089 Banquo the Fighter (level 18, -1/149 HPs)
             Began as a Djinni Gladiator on Dec 15, 2021.
             Was an Elder of Ashenzari.
             Slain by an Executioner (26 damage)
             ... summoned by Asterion
             ... on level 3 of the Spider Nest on Dec 16, 2021.
             The game lasted 04:06:47 (44755 turns).

Banquo the Fighter (Djinni Gladiator)              Turns: 44755, Time: 04:06:47

Health: -1/149     AC:  7    Str: 19    XL:     18   Next: 17%
Gold:   2265       EV: 16    Int: 17    God:    Ashenzari [****..] SH: 19 Dex: 16

rFire    + + .     SeeInvis +   a - +10 rapier "Lorem Ipsum" {chaos, Str+6}
rCold    . . .     Faith    .   i - +0 tower shield
rNeg     . . .     Spirit   .   d - +0 troll leather armour of Ashenzari's Augurer {Regen+, Evo, Self} (curse)
rPois    ∞         Reflect  .   h - +0 helmet of Supernal Knowledge {Cun, Fort} (curse)
rElec    .         Harm     .   e - scarf "Perceptive Fetters" {shadows, Range, Self} (curse)
rCorr    .         Rampage  .   (no gloves)
Will     +....     Clarity  +   (boots unavailable)
Stlth    +++.......             I - amulet of Panopticon {Regen+, Fort, Cun} (curse)
HPRegen  2.34/turn              f - ring of the Prescient Anxiety {rC+, Self, Cun} (curse)
MPRegen  0.00/turn              P - ring of the Unyielding Gaze {Wiz, Cun, Self} (curse)

@: about to teleport, flying
A: sickness immunity, fire resistance 2, cold vulnerability 1, float, innate
caster, hp casting, extra vitality 1
a: Renounce Religion, Shatter the Chains


You were on level 3 of the Spider Nest.
You worshipped Ashenzari.
Ashenzari was greatly pleased with you.
You visited 5 branches of the dungeon, and saw 27 of its levels.

You collected 3209 gold pieces.
You spent 944 gold pieces at shops.

Inventory:

Hand Weapons
 a - the +10 rapier "Lorem Ipsum" (weapon) {chaos, Str+6}
   (You took it off a kobold brigand on level 7 of the Dungeon)

   Each time it hits an enemy it has a different, random effect.
   Str:       It affects your strength (+6).
 b - the +8 dagger "Dodijeogamm" {drain, *Corrode rPois rF+}
   (You found it on level 8 of the Dungeon)

   A truly terrible weapon, it drains the life of any living foe it strikes.
   rF:        It protects you from fire.
   rPois:     It protects you from poison.
   *Corrode:  It may corrode you when you take damage.
 c - a +1 trident of freezing
 y - a +0 rapier of holy wrath
 S - a +1 scimitar of flaming
Missiles
 p - 744 stones (quivered)
 t - 24 boomerangs
 w - 2 boomerangs of dispersal
 J - 6 throwing nets
Armour
 d - the cursed +0 troll leather armour of Ashenzari's Augurer (worn) {Regen+, Evo, Self}
   (You found it on level 9 of the Dungeon)

   Regen:     It increases your rate of health regeneration.
   It has a curse which improves the following skills: Evocations: Evocations.
   Introspection: Fighting and Spellcasting.
 e - the cursed scarf "Perceptive Fetters" (worn) {shadows, Range, Self}
   (You found it on level 11 of the Dungeon)

   It has a curse which improves the following skills: Ranged Combat: Slings,
   Bows, Crossbows and Throwing.
   Introspection: Fighting and Spellcasting.
 h - the cursed +0 helmet of Supernal Knowledge (worn) {Cun, Fort}

   It has a curse which improves the following skills: Cunning: Dodging and
   Stealth.
   Fortitude: Armour and Shields.
 i - a +0 tower shield (worn)
Magical Staves
 V - a staff of air
Jewellery
 f - the cursed ring of the Prescient Anxiety (left hand) {rC+, Self, Cun}
   (You found it on level 11 of the Dungeon)

   [ring of protection from cold]

   rC:        It protects you from cold.
   It has a curse which improves the following skills: Introspection: Fighting
   and Spellcasting.
   Cunning:   Dodging and Stealth.
 I - the cursed amulet of Panopticon (around neck) {Regen+, Fort, Cun}
   (You found it on level 15 of the Dungeon)

   [amulet of regeneration]

   Regen:     It increases your rate of health regeneration.
   It has a curse which improves the following skills: Fortitude: Armour and
   Shields.
   Cunning:   Dodging and Stealth.
 P - the cursed ring of the Unyielding Gaze (right hand) {Wiz, Cun, Self}
   (You found it on level 10 of the Dungeon)

   [ring of wizardry]

   It improves your spell success rate.
   It has a curse which improves the following skills: Cunning: Dodging and
   Stealth.
   Introspection: Fighting and Spellcasting.
Wands
 j - a wand of iceblast (53)
 l - a wand of mindburst (32)
 o - a wand of acid (6)
 M - a wand of paralysis (28)
Scrolls
 m - 5 scrolls of magic mapping
 n - 11 scrolls of teleportation
 v - 6 scrolls of fog
 B - a scroll of summoning
 E - a scroll of fear
 G - 3 scrolls of blinking
Potions
 k - 2 potions of brilliance
 s - 3 potions of berserk rage
 u - 4 potions of might
 z - a potion of invisibility
 A - 5 potions of heal wounds
 C - 8 potions of curing
 D - 2 potions of cancellation
 H - 3 potions of haste
 O - 4 potions of resistance
Miscellaneous
 F - a condenser vane
 K - a phantom mirror


   Skills:
 * Level 14.8(19.7) Fighting
 - Level 12.0 Short Blades
 - Level 1.5(3.1) Throwing
 - Level 8.6(12.0) Armour
 - Level 7.5(12.9) Dodging
 - Level 2.1(6.2) Stealth
 * Level 10.1(13.3) Shields
 + Level 14.7(19.6) Spellcasting


You had 26 spell levels left.
You knew the following spells:

 Your Spells              Type           Power      Damage    Failure   Level
a - Sandblast             Erth           100%       2d20      0%          1
b - Corpse Rot            Necr/Air       N/A        N/A       0%          2
c - Gell's Gravitas       Tloc           35%        N/A       0%          3
d - Dispersal             Tloc           35%        N/A       1%          6
h - Call Canine Familiar  Summ           70%        N/A       0%          3
p - Fulminant Prism       Conj/Hex       35%        3d18      1%          4
v - Borgnjor's Vile Clut  Necr/Erth      35%        N/A       1%          5
I - Invisibility          Hex            35%        N/A       1%          6
Your spell library was empty.

Dungeon Overview and Level Annotations

Branches:
Dungeon (15/15)            Temple (1/1) D:5            Lair (6/6) D:10
  Swamp (0/4) Lair:3       Spider (3/4) Lair:3        Slime (0/5) Lair:5
    Orc (2/2) D:12            Elf (0/3) Orc:2        Vaults (0/5) D:14
 Depths (0/5) D:15

Altars:
Ashenzari
Elyvilon
Fedhas
Hepliaklqana
Makhleb
Nemelex Xobeh
Okawaru
Qazlal
Ru
Trog
Vehumet
Xom
Yredelemnul
Zin
Beogh

Shops:
D:1 (   D:10 (   D:11 [   Orc:2 !*?!

Portals:
Trove: D:10 (give +3 shadow dragon scales)

Annotations:
D:8 2 transporters, kalagan's ghost, novice DECj
D:9 minor rock vault
D:14 1 transporter
Lair:4 2 runed translucent doors, spimroxx's ghost, journeyman DjIE
Spider:3 Asterion


Innate Abilities, Weirdness & Mutations

You are immune to sickness and miasma.
You are immune to poison.
Your flesh is very heat resistant. (rF++)
You are vulnerable to cold. (rC-)
You float through the air rather than walking.
You learn spells naturally, not from books.
Your magical power is your life essence.
You have superior vitality. (+4 HP)


Message History

Confirm with . or Enter, or press ? or * to list all spells.
The Executioner blinks!
The Executioner hits you! You block the Executioner's attack.
The Executioner hits you but does no damage.
Casting: Dispersal (mildly dangerous; 1% risk of failure)
Confirm with . or Enter, or press ? or * to list all spells.
The Executioner blinks!
The redback disappears!
Casting: Dispersal (mildly dangerous; 1% risk of failure)
Confirm with . or Enter, or press ? or * to list all spells.
The Executioner blinks!
Asterion blinks!
You block the Executioner's attack. x2
The Executioner hits you.
Unknown command.
Casting: Dispersal (mildly dangerous; 1% risk of failure)
Confirm with . or Enter, or press ? or * to list all spells.
The Executioner blinks! x2; The Executioner completely misses you.
The Executioner hits you.
The Executioner hits you but does no damage.
You block the Executioner's attack. The Executioner hits you.
You block the Executioner's attack. The Executioner completely misses you.
The Executioner hits you. The Executioner closely misses you.
Asterion conjures a destructive force in the name of Makhleb!
The iron shot hits the Executioner!!!
Casting: Dispersal (mildly dangerous; 1% risk of failure)
Confirm with . or Enter, or press ? or * to list all spells.
The Executioner blinks!
Unknown command.
Casting: Dispersal (mildly dangerous; 1% risk of failure)
Confirm with . or Enter, or press ? or * to list all spells.
The Executioner blinks!
Asterion disappears!
* * * LOW HITPOINT WARNING * * *
Unknown command.
As you read the scroll of teleportation, it crumbles to dust.
You feel strangely unstable. The Executioner hits you!
* * * LOW HITPOINT WARNING * * *
The Executioner hits you.
* * * LOW HITPOINT WARNING * * *
The Executioner hits you.
* * * LOW HITPOINT WARNING * * *
The Executioner hits you!!
You die...

, ,,, #≈≈ #..#
*, , #≈≈ ≈
...# ,,#≈#≈##
...# , ,
..≈#..#...# ,
,, ,.##......#
, ,
#......#### ,
,, ..#H...§.##
, ,,
**.#H..###.?.#
,
,...###.#@..#
, ,,
.......1.#^# ,
,, ##.....####
** *,,
###..##.## *,
^#.....#..# *
** *
,*#....##..# *
###.......#
##...#.....#
####......^.#


You could see an Executioner (summoned, fast).

Vanquished Creatures
  Rupert (Lair:3)
  A quicksilver dragon (shapeshifter) (D:15)
  Roxanne (D:15)
  Agnes (D:15)
  Frances (Spider:2)
  Kirke (Lair:6)
  An emperor scorpion (Spider:1)
  A very ugly thing (D:15)
  Nessos (D:15)
  6 entropy weavers
  3 spark wasps
  A fire dragon (Lair:5)
  A great orb of eyes (D:15)
  4 hydras
  2 vault guards (D:14)
  Harold (D:8)
  4 boulder beetles
  A centaur warrior (D:15)
  2 two-headed ogres (D:12)
  4 catoblepae
  20 death yaks
  3 tengu warriors
  4 orc high priests
  Sonja (D:13)
  Nergalle (Lair:3)
  4 bog bodies (Lair:3)
  2 wizards (D:14)
  5 orc knights
  2 deep elf pyromancers
  A necromancer (D:14)
  Pikel (D:8)
  5 orc sorcerers
  9 orb spiders
  4 cyclopes
  18 wolf spiders
  8 ugly things
  5 manticores
  13 elephants
  A moth of wrath (Spider:1)
  2 torpor snails
  5 black mambas
  Joseph (D:10)
  10 cane toads
  12 rime drakes
  8 komodo dragons
  A demonic crawler (Spider:2)
  An efreet (D:14)
  A yaktaur (D:14)
  2 kobold demonologists (D:9)
  2 trolls
  3 polar bears
  2 hornets (Spider:1)
  22 jumping spiders
  Grinder (D:5)
  12 slime creatures
  18 blink frogs
  5 dream sheep (Lair:6)
  3 shadows
  A water elemental (D:12)
  22 redbacks
  2 spriggans
  2 vampires
  7 tarantellas
  48 yaks
  19 humans (D:14)
  The ghost of piimaboy the Covered, an amateur MiFi (D:5)
  3 wyverns
  5 hogs (Lair:6)
  9 vampire mosquitoes
  4 basilisks
  11 steam dragons
  A swamp worm (Lair:3)
  A warg (Orc:1)
  11 water moccasins
  2 acid dragons
  Duvessa (D:7)
  25 orc warriors
  An ice beast (D:5)
  2 hornet zombies (D:8)
  4 black bears
  7 ogres
  4 wolves (Lair:4)
  3 centaurs
  2 phantoms
  3 lemures
  3 kobold brigands
  A wyvern zombie (D:8)
  5 bullfrogs
  A gnoll sergeant (D:13)
  Dowan (D:7)
  2 scorpions
  11 killer bees
  6 wights
  8 electric eels
  3 troll zombies (D:12)
  A nameless horror (D:5)
  6 howler monkeys
  6 jellies
  3 centaur zombies
  A bullfrog skeleton (D:5)
  19 orc priests
  A centaur skeleton (D:4)
  Ijyb (D:5)
  4 iguanas
  24 orc wizards
  A scorpion zombie (D:5)
  5 ogre zombies (D:12)
  A howler monkey zombie (D:7)
  4 gnolls (D:13)
  10 adders
  3 ufetubi
  5 worms (D:3)
  4 dart slugs
  87 orcs
  5 ball pythons
  3 endoplasms
  2 giant cockroaches
  7 goblins
  11 hobgoblins
  4 jackals
  18 kobolds
  A quokka (D:3)
  3 bats
  7 frilled lizards
  A goblin skeleton (D:12)
  A goblin zombie (D:12)
  2 hobgoblin skeletons (D:12)
  A hobgoblin zombie (D:12)
  4 orc skeletons (D:12)
  16 orc zombies (D:12)
  2 rats
  A fulminant prism (D:12)
773 creatures vanquished.

Vanquished Creatures (collateral kills)
  A wraith (D:10)
  An iguana (D:6)
  A killer bee zombie (D:6)
  An orc (D:6)
4 creatures vanquished.

Vanquished Creatures (others)
  An orc warrior (Orc:2)
  2 kobolds (D:5)
  438 fulminant prisms
  65 fungi
  88 plants
594 creatures vanquished.

Grand Total: 1371 creatures vanquished

Notes
Turn   | Place    | Note
-------+----------+-------------------------------------------
     0 | D:1      | Banquo the Djinni Gladiator began the quest for the Orb.
     0 | D:1      | Reached XP level 1. HP: 18/18 MP: 0/0
   247 | D:1      | Reached XP level 2. HP: 23/23 MP: 0/0
  1054 | D:1      | Reached XP level 3. HP: 17/28 MP: 0/0
  1054 | D:1      | Learned a level 1 spell: Sandblast
  1186 | D:1      | Found Igumibal's Weapon Boutique.
  1716 | D:2      | Reached skill level 1 in Spellcasting
  2225 | D:2      | Reached XP level 4. HP: 34/34 MP: 0/0
  2484 | D:3      | Identified a scroll of acquirement
  2484 | D:3      | Acquired a +0 buckler of protection
  2811 | D:2      | Reached XP level 5. HP: 32/39 MP: 0/0
  2811 | D:2      | Learned a level 2 spell: Corpse Rot
  3094 | D:3      | Reached skill level 1 in Shields
  3373 | D:3      | Identified the +8 great sword "Beastslayer" {flame, +Rage
                  | rElec rC- Will++}
  4062 | D:4      | Reached XP level 6. HP: 38/45 MP: 0/0
  4291 | D:4      | Noticed a black bear
  4905 | D:4      | Reached skill level 5 in Short Blades
  5060 | D:4      | Reached XP level 7. HP: 49/50 MP: 0/0
  5060 | D:4      | Learned a level 3 spell: Call Canine Familiar
  5872 | D:5      | Entered Level 5 of the Dungeon
  6050 | D:5      | Found a staircase to the Ecumenical Temple.
  6072 | Temple   | Entered the Ecumenical Temple
  6196 | Temple   | Became a worshipper of Ashenzari the Shackled
  6283 | D:5      | Noticed Grinder
  6294 | D:5      | Paralysed by Grinder for 6 turns
  6331 | D:5      | Killed Grinder
  6332 | D:5      | Reached XP level 8. HP: 5/58 MP: 0/0
  6692 | D:5      | Noticed Ijyb
  6714 | D:5      | Killed Ijyb
  7439 | D:5      | Reached skill level 5 in Fighting
  7466 | D:5      | Found a runed translucent door.
  7476 | D:5      | Noticed piimaboy's ghost (amateur MiFi)
  7640 | D:5      | Reached XP level 9. HP: 40/66 MP: 0/0
  7640 | D:5      | Learned a level 3 spell: Gell's Gravitas
  8242 | D:5      | Found a staircase to the Ecumenical Temple.
  9327 | D:6      | Reached * piety under Ashenzari
  9813 | D:6      | Reached ** piety under Ashenzari
  9834 | D:6      | Noticed a boulder beetle
 10628 | D:7      | Found a hazy altar of Hepliaklqana.
 10629 | D:7      | Found a basalt altar of Yredelemnul.
 10745 | D:7      | Reached skill level 5 in Spellcasting
 11123 | D:7      | Found a white marble altar of Elyvilon.
 11123 | D:7      | Found a bloodstained altar of Trog.
 11124 | D:7      | Found a sacrificial altar of Ru.
 11368 | D:7      | Identified the +10 rapier "Lorem Ipsum" {chaos, Str+6}
 11513 | D:7      | Found a large runed translucent door.
 11514 | D:7      | Found a large runed translucent door.
 11516 | D:7      | Found a shimmering altar of Xom.
 11547 | D:7      | Reached *** piety under Ashenzari
 11573 | D:7      | Noticed Duvessa
 11573 | D:7      | Noticed Dowan
 11857 | D:7      | Killed Duvessa
 11862 | D:7      | Killed Dowan
 12166 | D:8      | Noticed Pikel
 12419 | D:8      | Found a transporter.
 12426 | D:8      | Identified the +8 dagger "Dodijeogamm" {drain, *Corrode
                  | rPois rF+}
 12688 | D:8      | Found a transporter.
 12689 | D:8      | Noticed a cyclops
 12691 | D:8      | Noticed kalagan's ghost (novice DECj)
 12691 | D:8      | Noticed a white ugly thing
 12832 | D:8      | Reached XP level 10. HP: 78/78 MP: 0/0
 12865 | D:8      | Reached skill level 1 in Armour
 13007 | D:8      | Killed Pikel
 13186 | D:8      | Noticed Harold
 13412 | D:8      | Killed Harold
 13896 | D:8      | Found a transporter.
 13905 | D:8      | Found a transporter.
 15204 | D:9      | Noticed a kobold demonologist
 15217 | D:9      | Killed a kobold demonologist
 15218 | D:9      | Reached XP level 11. HP: 85/85 MP: 0/0
 15218 | D:9      | Learned a level 4 spell: Fulminant Prism
 15555 | D:9      | Reached skill level 10 in Fighting
 15555 | D:9      | Reached XP level 12. HP: 94/94 MP: 0/0
 15556 | D:9      | Reached XP level 13. HP: 102/102 MP: 0/0
 15556 | D:9      | Learned a level 5 spell: Borgnjor's Vile Clutch
 16083 | D:10     | Entered Level 10 of the Dungeon
 16116 | D:10     | Found Nesoisaq's Weapon Boutique.
 16173 | D:10     | Found a staircase to the Lair.
 16354 | D:10     | Found a portal to a secret trove of treasure.
 16482 | D:10     | Found an iron altar of Okawaru.
 16491 | D:10     | Noticed Joseph
 16566 | D:10     | Killed Joseph
 16567 | D:10     | Reached skill level 10 in Short Blades
 17282 | Lair:1   | Entered Level 1 of the Lair of Beasts
 17337 | Lair:1   | Reached skill level 10 in Spellcasting
 18630 | Lair:2   | Noticed a boulder beetle
 18648 | Lair:2   | Killed a boulder beetle
 18649 | Lair:2   | Reached skill level 1 in Stealth
 18814 | Lair:2   | Reached skill level 5 in Armour
 21369 | Lair:3   | Noticed an eight-headed hydra
 21374 | Lair:3   | Killed an eight-headed hydra
 21375 | Lair:3   | Reached XP level 14. HP: 99/111 MP: 0/0
 21479 | Lair:3   | Noticed Nergalle
 21505 | Lair:3   | Killed Nergalle
 21629 | Lair:3   | Noticed Rupert
 21647 | Lair:3   | Killed Rupert
 21648 | Lair:3   | Reached skill level 5 in Dodging
 22101 | Lair:3   | Found a hole to the Spider Nest.
 22203 | Lair:3   | Found a staircase to the Swamp.
 22795 | Lair:3   | Found a hole to the Spider Nest.
 22920 | Lair:3   | Found a staircase to the Swamp.
 23231 | Lair:4   | Found a large runed translucent door.
 23231 | Lair:4   | Found a large runed translucent door.
 23572 | Lair:4   | Noticed spimroxx's ghost (journeyman DjIE)
 24337 | Lair:5   | Found a staircase to the Slime Pits.
 25453 | Lair:5   | Reached XP level 15. HP: 105/120 MP: 0/0
 25453 | Lair:5   | Learned a level 6 spell: Dispersal
 25711 | Lair:6   | Entered Level 6 of the Lair of Beasts
 26060 | Lair:6   | Noticed Kirke
 26070 | Lair:6   | Killed Kirke
 27251 | Lair:6   | Reached XP level 16. HP: 111/128 MP: 0/0
 28311 | D:5      | Killed piimaboy's ghost
 29644 | D:11     | Found Pukenoreoll's Antique Armour Boutique.
 30196 | D:11     | Found Pukenoreoll's Antique Armour Boutique.
 30746 | D:11     | Reached **** piety under Ashenzari
 30918 | D:12     | Found a broken altar of Ashenzari.
 31649 | D:12     | Found a staircase to the Orcish Mines.
 32024 | D:12     | Found a staircase to the Orcish Mines.
 32315 | D:12     | Found a broken altar of Ashenzari.
 32676 | Orc:1    | Entered Level 1 of the Orcish Mines
 32923 | Orc:2    | Entered Level 2 of the Orcish Mines
 33003 | Orc:2    | Found a staircase to the Elven Halls.
 33602 | Orc:2    | Paralysed by an orc sorcerer for 4 turns
 33650 | Orc:2    | Found Doac's Assorted Antiques.
 33650 | Orc:2    | Found Tunosuowk's Distillery.
 33652 | Orc:2    | Found Yguyrio's Magic Scroll Shoppe.
 33652 | Orc:2    | Found Puhash's Distillery.
 33664 | Orc:2    | Bought a scroll labelled YROINA GIHYZ for 31 gold pieces
 33664 | Orc:2    | Bought a scroll labelled YGIPNUNL MUSI for 31 gold pieces
 33667 | Orc:2    | Bought a scroll of blinking for 82 gold pieces
 33667 | Orc:2    | Bought a scroll of blinking for 82 gold pieces
 33671 | Orc:2    | Bought 2 potions of might for 112 gold pieces
 33671 | Orc:2    | Bought a potion of might for 56 gold pieces
 33671 | Orc:2    | Bought 2 potions of haste for 280 gold pieces
 33671 | Orc:2    | Bought a potion of resistance for 140 gold pieces
 33678 | Orc:2    | Bought a potion of resistance for 130 gold pieces
 33980 | Orc:2    | Found a staircase to the Elven Halls.
 34144 | Orc:2    | Found Tunosuowk's Distillery.
 34144 | Orc:2    | Found Doac's Assorted Antiques.
 34146 | Orc:2    | Found Yguyrio's Magic Scroll Shoppe.
 34146 | Orc:2    | Found Puhash's Distillery.
 34493 | Orc:1    | Found a burning altar of Makhleb.
 35279 | D:13     | Noticed Sonja
 35285 | D:13     | Killed Sonja
 35645 | D:13     | Reached skill level 5 in Shields
 36742 | D:14     | Found a transporter.
 36826 | D:14     | Identified the +10 plate armour of Gluttony {rN+ Will+}
 37307 | D:14     | Reached XP level 17. HP: 128/138 MP: 0/0
 37307 | D:14     | Learned a level 6 spell: Invisibility
 37369 | D:14     | Found a gate to the Vaults.
 37789 | D:14     | Found a gate to the Vaults.
 38076 | D:14     | Found a transporter.
 38307 | D:15     | Entered Level 15 of the Dungeon
 38700 | D:15     | Identified Roxanne's Guide on Changing
 38700 | D:15     | Noticed Roxanne
 38826 | D:15     | Reached ***** piety under Ashenzari
 38975 | D:15     | Noticed Nessos
 39094 | D:15     | Noticed Agnes
 39101 | D:15     | Killed Agnes
 39123 | D:15     | Killed Nessos
 39518 | D:15     | Found a staircase to the Depths.
 39774 | D:15     | Killed Roxanne
 39918 | D:15     | Noticed an acid blob
 39920 | D:15     | an acid blob changed into a stone giant
 39921 | D:15     | Noticed a quicksilver dragon
 39921 | D:15     | a stone giant changed into a quicksilver dragon
 39927 | D:15     | Killed a quicksilver dragon
 40025 | D:15     | Found a staircase to the Depths.
 40691 | Spider:1 | Entered Level 1 of the Spider Nest
 41333 | Spider:1 | Identified the +2 robe "Dixkoach" {rC+ Archmagi}
 41334 | Spider:1 | Identified Sif Muna's Guide on Toxic Dislocation
 42725 | Spider:2 | Noticed Frances
 42745 | Spider:2 | Killed Frances
 43232 | Spider:2 | Reached XP level 18. HP: 142/151 MP: 0/0
 44019 | Spider:3 | Reached skill level 10 in Shields
 44740 | Spider:3 | Noticed Asterion
 44742 | Spider:3 | Noticed an Executioner
 44755 | Spider:3 | Slain by an Executioner

Illustrated notes

Levels and vault maps discovered:
D:1:      eino_arrival_water_star, layout_loops_ring, serial_shops, shop
D:2:      layout_basic, minmay_split_cup_small
D:3:      layout_basic, minmay_checkerbox
D:4:      layout_basic
D:5:      layout_basic, minmay_temple_entry_junction, ebering_ghost_sewer_d,
          uniq_ijyb, uniq_grinder
D:6:      layout_layer_cave
D:7:      due_chaos_kobolds, layout_cave_pods, grunt_temple_overflow_open,
          chequers_temple_overflow_statue_of_worship, uniq_duvessa
D:8:      layout_basic, nzn_ghost_randoct, uniq_harold, uniq_pikel
D:9:      layout_loops_cross, minivault_21
D:10:     layout_roguey, okawaru_gym_becter, david_lair_generic, special_room
          [special_room_orc], serial_shops, nicolae_stop_n_shop_2,
          enter_trove_6, uniq_joseph
D:11:     layout_irregular_city, serial_shops, kennysheep_little_box
D:12:     layout_basic, zombieorc2_lemuel, ashenzari_conservatory_becter
D:13:     layout_grid_maze, corner_web_ring, uniq_sonja
D:14:     emtedronai_trogs_sanctum, layout_basic, grunt_vaults_entry_tiered,
          chequers_serial_rivers_marsh
D:15:     gammafunk_enter_depths_forms, layout_loops_corners,
          hangedman_decor_slide_cut, uniq_agnes, uniq_nessos, uniq_roxanne
Temple:   kb_temple_of_zot
Lair:1:   layout_cave_pods
Lair:2:   wander_river, layout_layer_cave, grunt_megastairs_5
Lair:3:   layout_regular_city, nicolae_swamp_entry_splash_gauntlet,
          nicolae_spider_entry_orb_guardian, hangedman_lair_unloving_vines,
          uniq_rupert, uniq_nergalle
Lair:4:   layout_gridlike, ebering_ghost_disaster_area,
          nicolae_quartered_pool_super, cheibrodos_lair_caveside_slide
Lair:5:   wad_woods_04, layout_regular_city, slime_dummy,
          bobbens_dragon_lair_wall
Lair:6:   evilmike_catoblepas_cave, layout_gridlike,
          nicolae_lair_grove_arrangements, ldierk_geyser,
          grunt_forest_large_clearing_hut, uniq_kirke
Spider:1: cheibrodos_spider_silkery, guppyfry_hornet_nest
Spider:2: layout_spider_delve, uniq_frances
Spider:3: layout_spider_delve, special_room [special_room_bee],
          nicolae_orb_island, uniq_asterion
Orc:1:    layout_caves, basic_altar
Orc:2:    grunt_orc_tribal_feast, layout_caves

Skill      XL: |  1  2  3  4  5  6  7  8  9 10 11 12 13 14 15 16 17 18 |
---------------+-------------------------------------------------------+-----
Short Blades   | 3 4 5 6 7 9 10 11 12 | 12.0
Spellcasting   | 1 2 3 6 7 8 9 10 12 13 14 | 14.7
Shields        | 1 2 3 4 5 9 10 | 10.1
Fighting       | 3 5 7 8 10 11 12 13 14 | 14.8
Armour         | 2 4 5 6 7 8 |  8.6
Stealth        | 2 |  2.1
Dodging        | 4 6 7 |  7.5
Throwing       | |  1.5

Action                   |  1- 3 |  4- 6 |  7- 9 | 10-12 | 13-15 | 16-18 || total
-------------------------+-------+-------+-------+-------+-------+-------++-------
Melee: Rapier            |   113 |   231 |   427 |   157 |    64 |   112 ||  1104
Throw: Throwing net      |       |       |     2 |       |       |       ||     2
       Stone             |       |       |       |       |     2 |     1 ||     3
 Cast: Sandblast         |       |       |    36 |       |     4 |     5 ||    45
       Call Canine Famil |       |       |    16 |       |     1 |     1 ||    18
       Borgnjor's Vile C |       |       |       |       |   283 |   402 ||   685
       Fulminant Prism   |       |       |       |       |   199 |   241 ||   440
       Dispersal         |       |       |       |       |       |    11 ||    11
       Invisibility      |       |       |       |       |       |    11 ||    11
Invok: Curse Item        |       |       |     4 |       |     4 |     4 ||    12
       Shatter the Chain |       |       |       |     1 |     2 |     3 ||     6
Evoke: Wand              |       |       |     6 |       |       |       ||     6
  Use: Scroll            |       |     5 |     1 |       |       |     1 ||     7
       Potion            |       |       |     2 |     2 |       |       ||     4
 Stab: Sleeping          |       |     1 |       |       |     2 |     7 ||    10
       Distracted        |       |       |       |     1 |       |       ||     1
       Paralysed         |       |       |       |       |       |     2 ||     2
       Confused          |       |       |       |       |       |     1 ||     1
       Invisible         |       |       |       |       |       |     8 ||     8
       Petrified         |       |       |       |       |       |     1 ||     1
Armor: Leather armour    |    25 |    61 |    99 |    11 |       |       ||   196
       Troll leather arm |       |       |       |    13 |    13 |    16 ||    42
Dodge: Dodged            |    59 |   138 |   171 |    66 |    33 |    73 ||   540
Block: Buckler           |       |    35 |    79 |    24 |    17 |    53 ||   208
       Reflection        |       |       |       |       |       |     7 ||     7
       Tower shield      |       |       |       |       |       |    11 ||    11
